 Dungeon Crawl Stone Soup version 0.18-a0-1203-gbde16db (webtiles) character file.

1282 krabocopter the Blocker (level 8, -1/58 HPs)
             Began as a Formicid Fighter on Jan 31, 2016.
             Was a Follower of Ru.
             Slain by an orc
             ... wielding a +0 flail
              (4 damage)
             ... on level 6 of the Dungeon.
             The game lasted 00:14:33 (5256 turns).

krabocopter the Blocker (Formicid Fighter)          Turns: 5256, Time: 00:14:33

Health: -1/58      AC:  3    Str: 20      XL:     8   Next: 84%
Magic:  8/8        EV:  9    Int:  9      God:    Ru [*.....]
Gold:   206        SH: 11    Dex: 10 (12) Spells: 1 memorised, 5 levels left

rFire  . . .     SeeInvis +     i - +2 hand axe (chop)
rCold  . . .     Gourm    .     b - +0 scale mail
rNeg   . . .     Faith    .     c - +0 shield
rPois  .         Spirit   .     (helmet unavailable)
rElec  .         Dismiss  .     (no cloak)
rCorr  .         Reflect  .     (no gloves)
SustAt .         Harm     .     (no boots)
MR     .....                    (no amulet)
Stlth  ..........               (no ring)
                                (no ring)

@: lethally poisoned (-1 -> -5), drained, not resistant to hostile enchantments,
extremely unstealthy
A: permanent stasis, dig shafts and tunnels, four strong arms, antennae 3,
reduced AC 1
a: Dig, Shaft Self, Renounce Religion


You were on level 6 of the Dungeon.
You worshipped Ru.
Ru was aware of your devotion.
You were hungry.

You visited 1 branch of the dungeon, and saw 6 of its levels.

You collected 206 gold pieces.

Inventory:

Hand Weapons
 a - a +0 war axe
 i - a +2 hand axe of chopping (weapon)
 x - a +2 whip of flaming
Armour
 b - a +0 scale mail (worn)
 c - a +0 shield (worn)
Wands
 o - a wand of slowing (20/48)
 u - a wand of random effects (27/48)
 y - a wand of polymorph (8/24)
Scrolls
 e - 3 scrolls of remove curse {unknown}
 j - a scroll of teleportation {unknown}
 k - 9 scrolls of identify {unknown}
 l - 4 scrolls of recharging {unknown}
 m - a scroll of blinking {unknown}
 n - 3 scrolls of enchant armour {unknown}
 t - a scroll of random uselessness {unknown}
 z - a scroll of holy word {unknown}
 A - a scroll of magic mapping {unknown}
 B - 2 scrolls of fear {unknown}
 C - 4 scrolls of noise {unknown}
Potions
 g - a potion of berserk rage {unknown}
 p - 2 potions of curing
 r - a potion of experience {unknown}
 s - a potion of invisibility {unknown}
Books
 h - a book of Battle

   Spells                             Type                      Level
   a - Infusion                       Charms                       1
   b - Shroud of Golubria             Charms/Translocation         2
   c - Song of Slaying                Charms                       2
   d - Spectral Weapon                Hexes/Charms                 3
   e - Regeneration                   Charms/Necromancy            3
 v - a book of Air

   Spells                             Type                      Level
   a - Shock                          Conjuration/Air              1
   b - Swiftness                      Charms/Air                   2
   c - Repel Missiles                 Charms/Air                   2
   d - Static Discharge               Conjuration/Air              3
   e - Lightning Bolt                 Conjuration/Air              5
 D - a book of Party Tricks

   Spells                             Type                      Level
   a - Summon Butterflies             Summoning                    1
   b - Apportation                    Translocation                1
   c - Tukima's Dance                 Hexes                        3
   d - Alistair's Intoxication        Transmutation/Poison         5
   e - Invisibility                   Hexes                        6
Comestibles
 d - a meat ration
 f - 4 bread rations
 q - 2 slices of pizza
 w - 6 fruits


   Skills:
 - Level 3.2(3.1) Fighting
 + Level 7.4(7.3) Axes
 - Level 3.2(3.1) Armour
 + Level 9.2(9.1) Shields


You had 5 spell levels left.
You knew the following spells:

 Your Spells              Type           Power        Failure   Level  Hunger
a - Repel Missiles        Chrm/Air       #.....       98%         2    ###....


Dungeon Overview and Level Annotations

Branches:
Dungeon (6/15)
 Temple: D:4-7

Altars:
Ashenzari
Cheibriados
Fedhas
Kikubaaqudgha
Qazlal
Ru
Sif Muna
Xom

Annotations:
D:3 exclusion: oklob plant


Innate Abilities, Weirdness & Mutations

You are under a permanent stasis effect.
You can dig through walls and to a lower floor.
Your four strong arms can wield two-handed weapons with a shield.
You have a pair of large antennae on your head (SInv).
You take slightly more damage. (-3 AC)


Message History

The orc is severely wounded.
You block the orc's attack.
You barely miss the orc.
The orc is severely wounded.
You feel sick. You block the orc's attack.
You hit the orc but do no damage.
The orc is severely wounded.
You feel sick.
The orc priest invokes the aid of Beogh against you.
Something smites you!
* * * LOW HITPOINT WARNING * * *
You hit the orc but do no damage.
The orc is severely wounded.
The orc hits you with a flail!
* * * LOW HITPOINT WARNING * * *
You hit the orc but do no damage.
The orc is severely wounded.
* * * LOW HITPOINT WARNING * * *
You feel sick. The orc hits you with a flail.
You die...

######.#
#....#
#.#### {
#.# #.#
#+# #.#
#.# #.#
#.######.#
#oo@.....#
#†########
#........
#)#......
#.#.#####
#.. . {
#.# #. {
#.# ..{
..# ..


You could see an orc priest and an orc.

Vanquished Creatures
  Sigmund (D:4)
  2 ice beasts (D:5)
  An ogre (D:4)
  A centaur (D:5)
  A phantom (D:4)
  A scorpion (D:5)
  A giant frog zombie (D:5)
  A hound (D:4)
  A quasit (D:5)
  A centaur skeleton (D:4)
  2 orc priests
  3 orc wizards
  Crazy Yiuf (D:5)
  An iguana (D:5)
  4 worker ants
  Terence (D:3)
  2 hound skeletons (D:5)
  2 gnolls
  5 adders
  2 oozes
  2 adder skeletons
  4 worms
  3 giant geckos
  19 orcs
  A giant cockroach (D:3)
  6 goblins
  5 hobgoblins
  2 quokkas
  A ball python skeleton (D:4)
  7 bats
  A giant gecko skeleton (D:4)
  2 giant newts
  A jackal skeleton (D:5)
  3 kobolds
  8 rats
99 creatures vanquished.

Vanquished Creatures (others)
  A quokka (D:6)
  12 toadstools (D:3)
13 creatures vanquished.

Grand Total: 112 creatures vanquished

Notes
Turn   | Place    | Note
--------------------------------------------------------------
     0 | D:1      | krabocopter the Formicid Fighter began the quest for the Orb.
     0 | D:1      | Reached XP level 1. HP: 18/18 MP: 1/1
   150 | D:1      | Reached XP level 2. HP: 17/24 MP: 2/2
   195 | D:1      | Reached skill level 4 in Shields
   465 | D:2      | Reached XP level 3. HP: 27/29 MP: 3/3
   541 | D:2      | Found a snail-covered altar of Cheibriados.
   590 | D:2      | Reached XP level 4. HP: 35/35 MP: 4/4
   671 | D:2      | Found a blossoming altar of Fedhas.
   676 | D:2      | Found a shimmering altar of Xom.
  1359 | D:2      | Found a deep blue altar of Sif Muna.
  1613 | D:3      | Learned a level 2 spell: Repel Missiles
  1626 | D:3      | Found a sacrificial altar of Ru.
  1635 | D:3      | Became a worshipper of Ru the Awakened
  1661 | D:3      | Reached skill level 5 in Shields
  1738 | D:3      | Reached XP level 5. HP: 39/41 MP: 5/5
  1815 | D:3      | Found a blossoming altar of Fedhas.
  1831 | D:3      | Noticed an oklob plant
  2091 | D:3      | Noticed Terence
  2102 | D:3      | Killed Terence
  2305 | D:4      | Found a shattered altar of Ashenzari.
  2330 | D:4      | HP: 1/41 [orc priest/nerve-wracking pain (14)]
  2335 | D:4      | Reached XP level 6. HP: 26/47 MP: 6/6
  2339 | D:4      | Reached skill level 6 in Shields
  2365 | D:4      | Noticed Sigmund
  2414 | D:4      | Killed Sigmund
  2414 | D:4      | Reached skill level 5 in Axes
  2414 | D:4      | Reached XP level 7. HP: 18/52 MP: 7/7
  2728 | D:4      | Gained mutation: You take slightly more damage. (-3 AC) [Ru sacrifice]
  2728 | D:4      | Reached * piety under Ru
  2886 | D:4      | Reached skill level 7 in Shields
  2913 | D:4      | Found a sand-covered staircase.
  3111 | D:4      | Found an ancient bone altar of Kikubaaqudgha.
  3237 | D:4      | Reached XP level 8. HP: 18/58 MP: 8/8
  3568 | D:5      | Entered Level 5 of the Dungeon
  3618 | D:5      | Reached skill level 8 in Shields
  4702 | D:5      | Found a stormy altar of Qazlal.
  4787 | D:5      | Reached skill level 9 in Shields
  4900 | D:5      | Noticed Crazy Yiuf
  4911 | D:5      | Killed Crazy Yiuf
  5256 | D:6      | Slain by an orc

Vault maps used:
D:1:      dpeg_arrival_shelter, minivault_14, lemuel_another_geyser
D:2:      led_sif_pool, cheibriados_altar_wand_db, minitemple
D:3:      nicolae_ru_awakened_eye, first_bread, tgw_fedhas, uniq_terence
D:4:      kiku_gazebo_pond_becter, evilmike_ruin_ashenzari,
          nicolae_ossuary_entry_monument, kennysheep_generic_room_2,
          uniq_sigmund
D:5:      nicolae_qazlal_eye_of_the_storm, uniq_crazy_yiuf_cottage
D:6:      grunt_dithmenos_smoke_and_mirrors, okawaru_altar_gauntlet_db,
          serial_shops, shop, elyvilon_altar_4, uniq_eustachio, uniq_edmund,
          uniq_blork_the_orc

Action                   |  1- 3 |  4- 6 |  7- 9 || total
-------------------------+-------+-------+-------++-------
Melee: War axe           |    16 |       |       ||    16
       Hand axe          |    43 |   168 |   147 ||   358
Invok: Sacrifice Health  |       |       |     1 ||     1
  Use: Potion            |       |     7 |     2 ||     9
  Eat: Chunk             |       |     5 |     7 ||    12
       Beef jerky        |       |       |     1 ||     1
